 Dungeon Crawl Stone Soup version 0.30-a0-996-ga6910c8ee8 (webtiles) character file.

Game seed: 10394108197940237095

(classic levelgen) 268 Amnesiac the Covert (level 6, -2/32 HPs)
             Began as a Vampire Enchanter on Apr 4, 2023.
             Slain by a gnoll
             ... wielding a +0 spear
              (4 damage)
             ... on level 3 of the Dungeon.
             The game lasted 00:05:45 (1563 turns).

Amnesiac the Covert (Vampire Enchanter)             Turns: 1563, Time: 00:05:46

Health: -2/32      AC:  2    Str:  7    XL:     6   Next: 1%
Magic:  7/9        EV: 13    Int: 17    God:
Gold:   54         SH:  0    Dex: 17    Spells: 4/9 levels left

rFire   . . .      SeeInvis +    w - +0 dagger (venom)
rCold   + + .      Faith    .    (no shield)
rNeg    + + +      Spirit   .    b - +0 robe
rPois   ∞          Reflect  .    (no helmet)
rElec   .          Rampage  .    (no cloak)
rCorr   .                        (no gloves)
Will    .....                    (no boots)
Stlth   ++++++                   (no amulet)
HPRegen 0.00/turn                (no ring)
MPRegen 0.11/turn                (no ring)

@: bloodless, inhibited regen
A: bloodless, fangs 3, see invisible, vampiric 2
a: Bat Form, Revivify


You were on level 3 of the Dungeon.
You visited 1 branch of the dungeon, and saw 3 of its levels.

You collected 76 gold pieces.
You spent 22 gold pieces at shops.

Inventory:

Hand Weapons
 a - a +1 dagger
 m - the +10 whip "Ublostri" {antimagic, rElec Dex+3}
   (You found it on level 2 of the Dungeon)

   Dex:       It affects your dexterity (+3).
   rElec:     It insulates you from electricity.
 w - a +0 dagger of venom (weapon)
Armour
 b - a +0 robe (worn)
 h - a +0 buckler
Scrolls
 f - 2 scrolls of teleportation {!r, unknown}
 g - 2 scrolls of fear {!r, unknown}
 i - a scroll of acquirement {!r, unknown}
 j - a scroll of silence {!r, unknown}
 l - a scroll of magic mapping {!r, unknown}
 o - a scroll of identify {!r}
Potions
 c - 2 potions of invisibility {!q}
 d - a potion of degeneration {!q, unknown}
 e - 2 potions of mutation {!q, unknown}
 k - a potion of might {!q}
 n - a potion of resistance {!q, unknown}


   Skills:
 + Level 3.3 Short Blades
 + Level 3.8 Dodging
 * Level 8.0 Stealth
 - Level 2.0 Spellcasting
 - Level 4.4 Hexes


You had 4 spell levels left.
You knew the following spells:

 Your Spells              Type           Power      Damage    Failure   Level
e - Ensorcelled Hibernat  Hex/Ice        18%        N/A       12%         2
z - Confusing Touch       Hex            16%        N/A       10%         3

Your spell library contained the following spells:

 Spells                   Type           Power      Damage    Failure   Level
 Tukima's Dance           Hex            16%        N/A       10%         3
 Dazzling Flash           Conj/Hex       18%        N/A       24%         3


Dungeon Overview and Level Annotations

Branches:
Dungeon (3/15)

Altars:

Shops:
D:1 *


Innate Abilities, Weirdness & Mutations

You do not regenerate when monsters are visible.
You are frail without blood (-20% HP).
You can heal yourself when you bite living creatures.
You are immune to poison.
You have razor-sharp teeth.
You have supernaturally acute eyesight. (SInv)
You are afflicted with vampirism and can become a bat while bloodless.


Message History

Unknown command.
You hit the endoplasm. You bite the endoplasm.
The endoplasm is heavily wounded.
The endoplasm hits you but does no damage.
You hit the endoplasm. You bite the endoplasm.
You kill the endoplasm!
No target in view!
No target in view!
You now have 54 gold pieces (gained 4).
An adder comes into view.
The adder hisses angrily.
The adder barely misses you.
An adder is nearby!
Casting: Ensorcelled Hibernation (safe; 12% risk of failure)
Confirm with . or Enter, or press ? or * to list all spells.
Your hands begin to glow red.
The adder bites you.
You closely miss the adder. The adder bites you but does no damage.
You miss the adder. You punch the adder, but do no damage. The adder bites you.
You hit the adder but do no damage.
The adder appears confused.
The adder bites you.
You barely miss the adder. The adder completely misses you.
You hit the adder. You bite the adder, but do no damage.
The adder is heavily wounded.
The adder barely misses you. The adder closely misses you.
You strike the helpless adder from behind!
You bite the adder, and draw its blood!
You feel better.
You impale the adder!!
You kill the adder!
You have reached level 6!
Found a stone staircase leading down.
o - a scroll of identify {!r}
There is a stone staircase leading down here.
Magic restored.
Found a whip.
A gnoll comes into view. It is wielding a +0 halberd.
Found a scroll of identify.
A gnoll is nearby!
Casting: Confusing Touch (quite dangerous; 10% risk of failure)
Confirm with . or Enter, or press ? or * to list all spells.
Aiming: Ensorcelled Hibernation (safe; 12% risk of failure)
Press: ? - help, Shift-Dir - straight line, f - gnoll
Aim: a gnoll, wielding a +0 halberd and quivering 2 throwing nets (wandering, hasn't noticed you, chance to affect: 51%)
The gnoll shouts!
The gnoll looks drowsy...
A gnoll comes into view. It is wielding a +0 halberd.
A gnoll comes into view. It is wielding a +0 hand axe.
A gnoll comes into view. It is wielding a +0 spear.
The gnoll shouts! x2
You hit the gnoll.
The gnoll is poisoned.
The gnoll is lightly wounded.
The gnoll shouts!
The gnoll throws a throwing net.
The throwing net hits you.
You become entangled in the net!
The gnoll hits you with a +0 hand axe.
You tear a large gash into the net.
The gnoll barely misses you.
You struggle against the net.
The gnoll barely misses you.
You struggle against the net.
The gnoll hits you from afar with a +0 halberd!
The gnoll hits you with a +0 hand axe.
* * * LOW HITPOINT WARNING * * *
You rip the net and break free!
The gnoll hits you from afar with a +0 halberd!
* * * LOW HITPOINT WARNING * * *
The gnoll hits you from afar with a +0 spear.
You die...

..# #... #).#
#..# #### #..#
.g. #..#
..####g##..######
....gg.@.........
#.#######.######
#.# #.# #.## #..#
##.# #.# #.#


You could see 4 gnolls.

Vanquished Creatures
  Sigmund (D:2)
  An orc wizard (D:3)
  A gnoll (D:1)
  An adder (D:3)
  A worm (D:2)
  2 dart slugs (D:2)
  2 orcs (D:3)
  6 ball pythons
  2 bats (D:2)
  7 endoplasms
  A giant cockroach (D:2)
  7 goblins
  7 hobgoblins
  2 jackals (D:2)
  5 kobolds
  2 quokkas
  4 frilled lizards (D:1)
  4 rats
56 creatures vanquished.

Notes
Turn   | Place    | Note
-------+----------+-------------------------------------------
     0 | D:1      | Amnesiac the Vampire Enchanter began the quest for the Orb.
     0 | D:1      | Reached XP level 1. HP: 13/13 MP: 3/3
    41 | D:1      | Found Hah Foth's General Store.
    72 | D:1      | Reached skill level 5 in Stealth
    72 | D:1      | Reached XP level 2. HP: 15/15 MP: 5/5
   317 | D:1      | Gained mutation: You are afflicted with vampirism and can
                  | become a bat while bloodless. [Vampire growth]
   317 | D:1      | Reached XP level 3. HP: 19/19 MP: 6/6
   321 | D:1      | Learned a level 3 spell: Confusing Touch
   581 | D:1      | Bought a scroll of identify for 22 gold pieces
   764 | D:2      | Identified the +10 whip "Ublostri" {antimagic, rElec Dex+3}
   796 | D:2      | Noticed Sigmund
   828 | D:2      | Killed Sigmund
   829 | D:2      | Reached skill level 7 in Stealth
   829 | D:2      | Reached XP level 4. HP: 13/24 MP: 1/7
   829 | D:2      | Reached XP level 5. HP: 16/28 MP: 1/8
   885 | D:2      | Learned a level 2 spell: Ensorcelled Hibernation
  1452 | D:3      | Reached skill level 8 in Stealth
  1499 | D:3      | Reached XP level 6. HP: 32/32 MP: 5/9
  1563 | D:3      | Slain by a gnoll

Illustrated notes

Levels and vault maps discovered:
D:1:      minmay_arrival_arboretum_small, layout_loops_cross, serial_shops, shop
D:2:      layout_loops_ring, uniq_sigmund
D:3:      layout_loops_ring, hellmonk_ecumenical_altar_heavens_door,
          item_on_display_a

Skill      XL: |  1  2  3  4  5 |
---------------+----------------+-----
Stealth        | 5 7 8 |  8.0
Short Blades   | 3 |  3.3
Dodging        | 3 |  3.8
Spellcasting   | |  2.0
Hexes          | |  4.4

Action                     |  1- 3 |  4- 6 || total
---------------------------+-------+-------++-------
  Melee: Dagger            |    64 |    36 ||   100
         Bite              |     8 |     4 ||    12
         Whip              |     5 |       ||     5
         Punch             |       |     1 ||     1
   Cast: Confusing Touch   |     1 |     1 ||     2
         Ensorcelled Hiber |       |     4 ||     4
Ability: Exsanguinate      |     1 |       ||     1
    Use: Scroll            |     1 |       ||     1
   Stab: Sleeping          |    21 |    15 ||    36
         Confused          |     1 |     1 ||     2
         Distracted        |       |     1 ||     1
 Armour: Robe              |     3 |     4 ||     7
  Dodge: Dodged            |    26 |     8 ||    34

Table legend: (Time is in decaauts)
 A = Elapsed time spent in this place.
 B = Non-inter-level travel time spent in this place.
 C = Inter-level travel time spent in this place.
 D = Time resting spent in this place.
 E = Time spent auto-exploring this place.
 F = Levels seen in this place.
 G = Mean time per level.
                   A        B        C        D        E       F      G
               +--------+--------+--------+--------+--------+-----+--------+
         Total |   1549 |   1479 |     70 |     66 |   1008 |   3 |  516.3 |
       Dungeon |   1549 |   1479 |     70 |     66 |   1008 |   3 |  516.3 |
               +--------+--------+--------+--------+--------+-----+--------+

Top non-repeatable levels by time:
     D:2: 825 daAuts
     D:1: 602 daAuts
     D:3: 121 daAuts
